 Dungeon Crawl Stone Soup version 0.29-a0-1008-g949cc1d0fb (webtiles) character file.

Game seed: 13769407929940580026

2018 freelancePsychic the Magician (level 9, -5/66 HPs)
             Began as a Djinni Artificer on Aug 8, 2022.
             Slain by Maggie
             ... wielding a +1 vorpal glaive
              (9 damage)
             ... on level 6 of the Dungeon.
             The game lasted 00:18:56 (11124 turns).

freelancePsychic the Magician (Djinni Artificer)   Turns: 11124, Time: 00:18:56

Health: -5/66      AC:  6    Str: 11    XL:     9   Next: 46%
Gold:   516        EV: 12    Int: 16    God:
                   SH:  0    Dex: 15

rFire   + + .      SeeInvis .   b - +2 short sword (drain)
rCold   x . .      Faith    .   (no shield)
rNeg    + . .      Spirit   .   j - +2 robe {rN+}
rPois   ∞          Reflect  .   u - +0 helmet
rElec   .          Harm     .   k - scarf {shadows}
rCorr   .          Rampage  .   t - +0 pair of gloves
Will    .....                   (boots unavailable)
Stlth   ++........              (no amulet)
HPRegen 0.21/turn               (no ring)
MPRegen 0.00/turn               (no ring)

@: flying
A: sickness immunity, fire resistance 2, cold vulnerability 1, float, innate
caster, HP casting, extra vitality 1
a: no special abilities


You were on level 6 of the Dungeon.
You visited 1 branch of the dungeon, and saw 6 of its levels.
You also visited: Sewer.

You collected 516 gold pieces.

Inventory:

Hand Weapons
 a - a +2 dagger of venom
 b - a +2 short sword of draining (weapon)
Missiles
 p - 3 curare-tipped darts
Armour
 j - a +2 robe of positive energy (worn)
 k - a scarf of shadows (worn)
 t - a +0 pair of gloves (worn)
 u - a +0 helmet (worn)
Wands
 c - a wand of flame (20)
 d - a wand of charming (20)
 e - a wand of iceblast (6)
 m - a wand of polymorph (12)
Scrolls
 f - 5 scrolls of teleportation {@r4}
 r - 2 scrolls of poison
 v - a scroll of vulnerability {unknown}
Potions
 h - a potion of mutation {unknown}
 l - a potion of lignification {unknown}
 n - a potion of brilliance {unknown}
 o - 2 potions of cancellation
 q - 2 potions of resistance {unknown}
 s - a potion of heal wounds {unknown}
 w - a potion of ambrosia
 x - a potion of degeneration {unknown}


   Skills:
 + Level 6.1 Fighting
 - Level 4.9 Short Blades
 - Level 1.0 Armour
 - Level 2.1 Dodging
 - Level 0.7 Stealth
 * Level 6.3 Spellcasting
 - Level 3.0 Evocations


You had 10 spell levels left.
You knew the following spells:

 Your Spells              Type           Power      Damage    Failure   Level
a - Summon Small Mammal   Summ           100%       N/A       1%          1
b - Poisonous Vapours     Pois/Air       50%        N/A       1%          2
c - Conjure Flame         Conj/Fire      25%        6-21      3%          3
d - Sticky Flame          Conj/Fire      25%        2d5       10%         4
Your spell library was empty.

Dungeon Overview and Level Annotations

Branches:
Dungeon (6/15)              Sewer (visited)
 Temple: D:4-7

Altars:
Dithmenos
Fedhas
Gozag
Ru

Annotations:
D:4 1 runed translucent door, Sabo's ghost, amateur DrAE
D:5 3 runed translucent doors, Dowan; Duvessa; JakeJacob's ghost, amateur TrBe
D:6 Maggie


Innate Abilities, Weirdness & Mutations

You are immune to sickness and miasma.
You are immune to poison.
Your flesh is very heat resistant. (rF++)
You are vulnerable to cold. (rC-)
You float through the air rather than walking.
You learn spells naturally, not from books.
Your magical power is your life essence.
You have superior vitality. (+4 MHP)


Message History

The bolt of fire hits you! You resist.
* * * LOW HITPOINT WARNING * * *
Blink to where?
Press: ? - help, Dir - move target, p - Maggie
As you read the scroll of blinking, it crumbles to dust.
A water moccasin comes into view.
The water moccasin hisses angrily.
As you read the scroll of butterflies, it crumbles to dust.
You hear the tinkle of a tiny bell.
The water moccasin completely misses your butterfly.
You swap places.
The water moccasin bites your butterfly.
Your butterfly dies!
Your butterfly disappears in a burst of colours!
The water moccasin misses your butterfly.
The water moccasin barely misses your butterfly.
Maggie gestures wildly while chanting.
Maggie attempts to bespell you! You resist with almost no effort.
As you read the scroll of teleportation {@r4}, it crumbles to dust.
You feel strangely unstable.
The water moccasin closely misses your butterfly.
Maggie practices a pose.
You swap places.
The water moccasin misses your butterfly.
Maggie misses your butterfly.
Your surroundings suddenly seem different.
The water moccasin closely misses your butterfly.
Maggie hits you from afar with a +1 vorpal glaive.
* * * LOW HITPOINT WARNING * * *
x2
Okay, then.
Aiming: Charm
Press: ? - help, Shift-Dir - straight line, f - Maggie
Aim: Maggie, wielding a +1 vorpal glaive and wearing +0 acid dragon scales (heavily wounded, chance to affect: 56%) Maggie resists with significant effort.
Maggie barely misses you.
Aiming: Charm
Press: ? - help, Shift-Dir - straight line, f/p - Maggie
Aim: Maggie, wielding a +1 vorpal glaive and wearing +0 acid dragon scales (heavily wounded, chance to affect: 56%) Maggie resists with significant effort.
Maggie hits you from afar with a +1 vorpal glaive!
You die...

....P. ## #........# #..#
....P.#. ###.###### #.#. #.P_PP.#
#...# #.## ..PP.@####### #..÷#
####..# .............# #...#
#......
..####..####.#####.bb######.###.#
####..####.#...@S.b....##......
......#........bbbbb...>.).....
##...#.##.#..@..bb....##......
#........#####.b.######......
#........# ###b..### #......
#..##.#.## #.......# #..>...
#.....#.# #.#...#.## #......
##.####.## #.##.....# #.....)
#.......# #.#####..# ######.
#.#####.# #.#####..# #.
######.#####.# #.....(..# #.


You could see Maggie and a water moccasin (ally target).

Vanquished Creatures
  Grinder (D:3)
  Prince Ribbit (D:4)
  Sigmund (D:4)
  Edmund (D:4)
  A water moccasin (D:6)
  An ogre (D:6)
  A phantom (D:4)
  A kobold brigand (Sewer)
  A necrophage (D:3)
  A bullfrog (D:6)
  2 quasits (D:5)
  5 hounds
  Ijyb (D:5)
  5 iguanas
  2 orc wizards (D:4)
  Robin (D:3)
  7 gnolls
  7 adders
  6 river rats (Sewer)
  A shadow imp (D:5)
  A white imp (D:5)
  4 ufetubi
  2 worms
  10 orcs
  3 bats
  6 endoplasms
  4 giant cockroaches
  14 goblins
  8 hobgoblins
  10 jackals
  30 kobolds
  A quokka (D:1)
  10 ball pythons
  7 frilled lizards
  21 rats
178 creatures vanquished.

Vanquished Creatures (collateral kills)
  A phantom (D:4)
  A gnoll (D:2)
  A river rat (Sewer)
  A goblin (D:3)
  A jackal (D:2)
  3 rats (Sewer)
8 creatures vanquished.

Vanquished Creatures (others)
  2 gnolls (D:2)
  A river rat (Sewer)
  An orc (D:3)
  4 demonic plants (D:5)
  3 fungi (D:6)
  7 plants
  4 toadstools (D:1)
  2 withered plants (D:4)
24 creatures vanquished.

Grand Total: 210 creatures vanquished

Notes
Turn   | Place    | Note
-------+----------+-------------------------------------------
     0 | D:1      | freelancePsychic the Djinni Artificer began the quest for
                  | the Orb.
     0 | D:1      | Reached XP level 1. HP: 17/17 MP: 0/0
   420 | D:1      | Reached XP level 2. HP: 9/22 MP: 0/0
   689 | D:1      | Reached skill level 1 in Short Blades
  1050 | D:1      | Found a faded altar of an unknown god.
  1237 | D:1      | Reached XP level 3. HP: 27/27 MP: 0/0
  1237 | D:1      | Learned a level 1 spell: Summon Small Mammal
  1744 | D:2      | Reached skill level 1 in Spellcasting
  1926 | D:2      | Reached XP level 4. HP: 20/33 MP: 0/0
  2789 | D:3      | Noticed Robin
  3134 | D:3      | Reached XP level 5. HP: 25/39 MP: 0/0
  3134 | D:3      | Learned a level 2 spell: Poisonous Vapours
  3285 | D:3      | Found a glowing drain.
  3302 | Sewer    | Entered a sewer
  4042 | Sewer    | Noticed a kobold brigand
  4057 | Sewer    | Killed a kobold brigand
  4058 | Sewer    | Reached XP level 6. HP: 30/46 MP: 0/0
  5620 | D:3      | Killed Robin
  5947 | D:3      | Noticed Grinder
  5950 | D:3      | Paralysed by Grinder for 3 turns
  5954 | D:3      | Killed Grinder
  5955 | D:3      | Reached XP level 7. HP: 46/51 MP: 0/0
  5955 | D:3      | Learned a level 3 spell: Conjure Flame
  6789 | D:4      | Found a shadowy altar of Dithmenos.
  6842 | D:4      | You are sucked into a shaft and drop 2 floors!
  6922 | D:6      | Noticed a water moccasin
  6940 | D:6      | Killed a water moccasin
  6941 | D:6      | Reached XP level 8. HP: 28/58 MP: 0/0
  7205 | D:5      | Entered Level 5 of the Dungeon
  7205 | D:5      | Found a runed translucent gate.
  7205 | D:5      | Found a runed translucent gate.
  7205 | D:5      | Found an opulent altar of Gozag.
  7205 | D:5      | Found a runed translucent gate.
  7206 | D:5      | Noticed JakeJacob's ghost (amateur TrBe)
  7206 | D:5      | Noticed Ijyb
  7229 | D:5      | Killed Ijyb
  7272 | D:5      | Noticed Duvessa
  7272 | D:5      | Noticed Dowan
  7947 | D:4      | Noticed Edmund
  8271 | D:4      | Killed Edmund
  9063 | D:4      | Reached skill level 5 in Spellcasting
  9097 | D:4      | Noticed Sigmund
  9110 | D:4      | Killed Sigmund
  9111 | D:4      | Reached skill level 5 in Fighting
  9286 | D:4      | Found a runed translucent door.
  9295 | D:4      | Noticed Sabo's ghost (amateur DrAE)
  9612 | D:5      | Noticed Prince Ribbit
  9621 | D:4      | Reached XP level 9. HP: 56/65 MP: 0/0
  9621 | D:4      | Learned a level 4 spell: Sticky Flame
  9714 | D:4      | Killed Prince Ribbit
 10539 | D:5      | Found a sacrificial altar of Ru.
 11098 | D:6      | Found a blossoming altar of Fedhas.
 11100 | D:6      | Noticed Maggie
 11124 | D:6      | Slain by Maggie

Illustrated notes

Levels and vault maps discovered:
D:1:      kilobyte_arrival_exit_the_forest, layout_loops_ring,
          chequers_ecumenical_altar_grove, minmay_gold_behind_fungi
D:2:      layout_basic, minmay_split_cup_small
D:3:      layout_loops_corners, portal_sewer_entry_b, serial_bayou_pond_e,
          item_on_display_a, uniq_robin, uniq_grinder
D:4:      layout_gridville, mainiacjoe_overflow_alcove_2, gammafunk_ghost_grave,
          minivault_5, uniq_edmund, uniq_sigmund
D:5:      gammafunk_steamed_eel, layout_rooms,
          nicolae_ru_great_annihilating_truth, serial_demonic, serial_demonic_d,
          serial_demonic_b, serial_demonic_e, serial_demonic_d,
          ebering_ghost_gozag, st_stairs_13, moated_statue, uniq_ijyb,
          uniq_duvessa, uniq_crazy_yiuf_cottage, uniq_prince_ribbit1
D:6:      layout_loops_cross, grunt_temple_overflow_forces_of_nature,
          amcnicky_mini_rare_corridor_liquid, uniq_maggie

Skill      XL: |  1  2  3  4  5  6  7  8  9 |
---------------+----------------------------+-----
Short Blades   | 1 2 3 4 |  4.9
Spellcasting   | 1 2 3 4 5 6 |  6.3
Fighting       | 2 3 4 5 6 |  6.1
Armour         | |  1.0
Dodging        | |  2.1
Stealth        | |  0.7
Evocations     | |  3.0

Action                   |  1- 3 |  4- 6 |  7- 9 || total
-------------------------+-------+-------+-------++-------
Melee: Dagger            |   139 |   170 |   153 ||   462
       Club              |     2 |       |       ||     2
       Whip              |       |   126 |       ||   126
       Punch             |       |     3 |     2 ||     5
       Short sword       |       |    18 |    65 ||    83
 Cast: Summon Small Mamm |       |     7 |    10 ||    17
       Poisonous Vapours |       |    26 |    51 ||    77
       Conjure Flame     |       |       |     3 ||     3
       Sticky Flame      |       |       |    19 ||    19
Evoke: Wand              |     8 |    15 |     6 ||    29
  Use: Scroll            |     2 |     6 |    12 ||    20
       Potion            |       |     3 |     3 ||     6
 Stab: Invisible         |       |       |     4 ||     4
Armor: Ring mail         |    56 |    36 |       ||    92
       Leather armour    |     4 |    65 |    74 ||   143
       Robe              |       |       |    22 ||    22
Dodge: Dodged            |    78 |   242 |   189 ||   509

Table legend: (Time is in decaauts)
 A = Elapsed time spent in this place.
 B = Non-inter-level travel time spent in this place.
 C = Inter-level travel time spent in this place.
 D = Time resting spent in this place.
 E = Time spent auto-exploring this place.
 F = Levels seen in this place.
 G = Mean time per level.
                   A        B        C        D        E       F      G
               +--------+--------+--------+--------+--------+-----+--------+
         Total |  11086 |  10631 |    455 |    914 |   7804 |   7 | 1583.7 |
       Dungeon |   9332 |   8877 |    455 |    711 |   6542 |   6 | 1555.3 |
         Sewer |   1753 |   1753 |      0 |    203 |   1262 |   1 | 1753.0 |
               +--------+--------+--------+--------+--------+-----+--------+

Top non-repeatable levels by time:
     D:4: 3163 daAuts
     D:2: 1790 daAuts
   Sewer: 1753 daAuts
     D:3: 1666 daAuts
     D:1: 1482 daAuts
     D:6: 860 daAuts
     D:5: 368 daAuts
